 Dungeon Crawl Stone Soup version 0.22-a0-417-g1387785 (webtiles) character file.

21517 Amnesiac the Transmogrifier (level 12, 0/66 HPs)
             Began as a Spriggan Transmuter on May 14, 2018.
             Was a High Priest of Okawaru.
             Slain by a sixfirhy (10 damage)
             ... summoned by an orc high priest
             ... on level 2 of the Orcish Mines.
             The game lasted 00:53:00 (20444 turns).

Amnesiac the Transmogrifier (Spriggan Transmuter)  Turns: 20444, Time: 00:53:01

Health: 0/66       AC: 10    Str:  6    XL:     12   Next: 54%
Magic:  12/27      EV: 32    Int: 19    God:    Okawaru [*****.]
Gold:   1822       SH:  0    Dex: 17    Spells: 2/31 levels left

rFire    + . .     SeeInvis +   a - +2 spear (venom)
rCold    + . .     Gourm    .   (shield restricted)
rNeg     . . .     Faith    .   H - +1 robe {rC+}
rPois    .         Spirit   .   w - +1 hat
rElec    .         Reflect  .   (no cloak)
rCorr    .         Harm     +   (gloves unavailable)
MR       ++...                  (boots unavailable)
Stlth    +++.......             G - amulet of harm
HPRegen  0.21/turn              t - +6 ring of protection
MPRegen  0.20/turn              S - ring of protection from fire

@: about to teleport, heroism, very slightly contaminated, drained, very quick
A: very small, unfitting armour, see invisible, herbivore, speed 3, slow
metabolism 2
a: Heroism, Finesse, Renounce Religion


You were on level 2 of the Orcish Mines.
You worshipped Okawaru.
Okawaru was extremely pleased with you.
You were not hungry.

You visited 3 branches of the dungeon, and saw 14 of its levels.
You also visited: Labyrinth, Sewer and Ossuary.

You collected 1897 gold pieces.
You spent 75 gold pieces at shops.

Inventory:

Hand Weapons
 a - a +2 spear of venom (weapon)
 Q - a +0 shortbow
 U - a +0 dagger of electrocution
Armour
 b - a +0 buckler
 w - a +1 hat (worn)
 H - a +1 robe of cold resistance (worn)
Magical Staves
 O - an uncursed staff of energy
 R - an uncursed staff of earth
 T - an uncursed staff of power
Jewellery
 t - a +6 ring of protection (left hand)
 G - an amulet of harm (around neck)
 S - a ring of protection from fire (right hand)
Wands
 o - a wand of flame (86)
 s - a wand of disintegration (6)
 y - a wand of random effects (33)
 I - a wand of polymorph (8)
 L - a wand of acid (10)
 M - a wand of paralysis (12)
Scrolls
 c - a scroll of amnesia {!r}
 g - 5 scrolls of enchant armour {!r}
 i - 3 scrolls of fear {!r}
 m - 2 scrolls of enchant weapon {!r}
 p - a scroll of magic mapping {!r}
 r - 3 scrolls of remove curse {!r}
 x - a scroll of brand weapon {!r}
 C - 2 scrolls of teleportation {!r}
Potions
 f - 3 potions of curing {!q}
 h - a potion of agility {!q}
 l - a potion of magic {!q, unknown}
 n - 2 potions of brilliance {!q}
 u - 2 potions of ambrosia {!q}
 v - 4 potions of lignification {!q}
 A - 4 potions of heal wounds {!q}
 B - a potion of flight {!q}
 D - a potion of mutation {!q}
 K - a potion of haste {!q}
 P - a potion of cancellation {!q}
Comestibles
 d - 4 rations


   Skills:
 - Level 9.0(13.4) Fighting
 - Level 3.0(7.5) Bows
 - Level 12.0(16.4) Dodging
 - Level 2.4(6.9) Unarmed Combat
 - Level 10.2(9.7) Spellcasting
 - Level 4.5(4.1) Hexes
 - Level 6.0(5.5) Charms
 + Level 12.7(12.2) Transmutations
 - Level 8.0(7.5) Invocations


You had 2 spell levels left.
You knew the following spells:

 Your Spells              Type           Power        Failure   Level  Hunger
a - Sticks to Snakes      Tmut           ######..     1%          2    None
b - Spectral Weapon       Hex/Chrm       ####....     3%          3    None
c - Yara's Violent Unrav  Hex/Tmut       #####.....   8%          5    #####..
d - Petrify               Tmut/Erth      ####....     6%          4    ###....
e - Confuse               Hex            ###.....     4%          3    None
f - Passwall              Tmut/Erth      ####......   1%          2    None
g - Summon Butterflies    Summ           #.......     8%          1    None
h - Alistair's Intoxicat  Tmut/Pois      ####....     17%         5    #####..
r - Regeneration          Chrm/Necr      ###.......   8%          3    None
z - Confusing Touch       Hex            ###...       1%          1    None

Your spell library contained the following spells:

 Spells                   Type           Power        Failure   Level  Hunger
 Cause Fear               Hex            ###.......   14%         4    ###....
 Fireball                 Conj/Fire      #.........   91%         5    #####..
 Apportation              Tloc           #.....       8%          1    None
 Conjure Flame            Conj/Fire      #.......     22%         3    None
 Slow                     Hex            ###.....     2%          2    None
 Invisibility             Hex            ###.....     91%         6    ######.
 Throw Flame              Conj/Fire      #.....       12%         2    None
 Animate Dead             Necr           N/A          58%         4    ###....
 Pain                     Necr           #...         8%          1    None
 Animate Skeleton         Necr           N/A          8%          1    None
 Vampiric Draining        Necr           #.........   22%         3    None
 Sticky Flame             Conj/Fire      #.......     58%         4    ###....
 Tukima's Dance           Hex            ###.....     4%          3    None
 Stone Arrow              Conj/Erth      #.....       22%         3    None
 Spider Form              Tmut/Pois      ####......   1%          3    None
 Blade Hands              Tmut           ######....   1%          5    #####..
 Ice Form                 Ice/Tmut       ####....     6%          4    ###....
 Flame Tongue             Conj/Fire      #....        8%          1    None
 Metabolic Englaciation   Hex/Ice        ###.......   65%         5    #####..
 Corona                   Hex            ###....      1%          1    None
 Lee's Rapid Deconstruct  Erth           #.........   91%         5    #####..
 Sandblast                Erth           #.....       8%          1    None
 Portal Projectile        Hex/Tloc       ###...       10%         3    None
 Leda's Liquefaction      Hex/Erth       ###.......   32%         4    ###....
 Shroud of Golubria       Chrm/Tloc      ###.......   3%          2    None
 Inner Flame              Hex/Fire       ###.....     10%         3    None
 Beastly Appendage        Tmut           ######       1%          1    None
 Infusion                 Chrm           ####         1%          1    None
 Song of Slaying          Chrm           ####....     1%          2    None
 Gell's Gravitas          Tloc           #.........   22%         3    None
 Lesser Beckoning         Tloc           #.........   22%         3    None


Dungeon Overview and Level Annotations

Branches:
Dungeon (11/15)            Temple (1/1) D:7            Lair (0/6) D:11
    Orc (2/2) D:11            Elf (0/3) Orc:2

Altars:
Ashenzari
Cheibriados
Dithmenos
Elyvilon
Fedhas
Gozag
Hepliaklqana
Kikubaaqudgha
Makhleb
Nemelex Xobeh
Okawaru
Qazlal
Ru
Sif Muna
Trog
Uskayaw
Vehumet
Wu Jian
Xom
Yredelemnul
Zin
The Shining One

Shops:
D:4 [   D:5 !   Orc:1 %   Orc:2 }


Innate Abilities, Weirdness & Mutations

You are very small and have problems with some larger weapons.
You are too small for most types of armour.
You have supernaturally acute eyesight. (SInv)
You are a herbivore.
You cover ground extremely quickly.
You need to consume almost no food.


Message History

* * * LOW HITPOINT WARNING * * *
Really read
k - a scroll of blinking {!r}?
Blink to where?
Press: ? - help, Dir - move target cursor, p - orc high priest You are very lightly contaminated with residual magic.
As you read the scroll of blinking {!r}, it crumbles to dust.
The sixfirhy hits your spectral weapon.
Your spectral weapon shares its damage with you!
The sixfirhy shocks your spectral weapon.
Your spectral weapon resists.
Your spectral weapon shares its damage with you!
* * * LOW HITPOINT WARNING * * *
The sixfirhy closely misses your spectral weapon.
Casting: Spectral Weapon (safe; 3% risk of failure)
Confirm with . or Enter, or press ? or * to list all spells.
Okay, then.
Casting: Spectral Weapon (safe; 3% risk of failure)
Confirm with . or Enter, or press ? or * to list all spells.
You attempt to intoxicate your foes!
The sixfirhy misses your spectral weapon.
The sixfirhy completely misses your spectral weapon.
The sixfirhy hits your spectral weapon.
Your spectral weapon shares its damage with you!
The sixfirhy shocks your spectral weapon.
Your spectral weapon resists.
Your spectral weapon shares its damage with you!
* * * LOW HITPOINT WARNING * * *
Casting: Alistair's Intoxication (quite dangerous; 17% risk of failure)
Confirm with . or Enter, or press ? or * to list all spells.
Aiming: Confuse (safe; 4% risk of failure)
Press: ? - help, Shift-Dir - straight line, f - sixfirhy
Aim: a sixfirhy (summoned, chance to defeat MR: 21%)
You miscast Confuse.
You hear an indistinct dissonance whispering inside your mind.
Casting: Confuse (safe; 4% risk of failure)
Confirm with . or Enter, or press ? or * to list all spells.
Aiming: Confuse (safe; 4% risk of failure)
Press: ? - help, Shift-Dir - straight line, f/p - sixfirhy
Aim: a sixfirhy (summoned, chance to defeat MR: 21%)
The sixfirhy resists with almost no effort.
Unknown command.
Casting: Confuse (safe; 4% risk of failure)
Confirm with . or Enter, or press ? or * to list all spells.
Aiming: Confuse (safe; 4% risk of failure)
Press: ? - help, Shift-Dir - straight line, f/p - sixfirhy
Aim: a sixfirhy (summoned, chance to defeat MR: 21%)
The sixfirhy resists with almost no effort.
The sixfirhy misses you. The sixfirhy barely misses you.
Press: ? - help, v - describe, . - travel The floor.
Okay, then.
Unknown command.
Casting: Confuse (safe; 4% risk of failure)
Confirm with . or Enter, or press ? or * to list all spells.
Okay, then.
Unknown command.
Really read
C - 3 scrolls of teleportation {!r}?
As you read the scroll of teleportation {!r}, it crumbles to dust.
You feel strangely unstable. The sixfirhy completely misses you.
The sixfirhy closely misses you. The sixfirhy completely misses you. x2
The sixfirhy hits you.
* * * LOW HITPOINT WARNING * * *
The sixfirhy shocks you!
You die...

.......#.##........>###.......#.#
.....................#..........#
.................................
.####.........###................
.## #........## ##.........###...
..# ##...?..######...8.8.8## ##..
..###..........#.#....⌠.⌠..###...
...#...........#.....8.∩.8.......
...............3@.....⌠.⌠........
.....)........(......8.8.8....)##
........o#...........###.........
.......#####.......### #.......##
##.....# #......## #......##
#....## ####..## ###...## ###...#
#...# #.### ##)## ##### ### ##
#.3.# #.


You could see a sixfirhy and a friendly spectral spear of venom.

Vanquished Creatures
  A minotaur (Lab)
  5 two-headed ogres
  An orc high priest (Orc:1)
  4 unseen horrors
  Pikel (D:4)
  An orc knight (Orc:1)
  A wolf spider (D:7)
  A cyclops (D:11)
  3 orc sorcerers
  Joseph (D:7)
  A yaktaur (D:7)
  2 trolls
  A hornet (D:9)
  A slime creature (D:10)
  2 hippogriffs (D:9)
  Sigmund (D:3)
  A shadow (D:11)
  A vampire (D:10)
  A wyvern (D:10)
  A human (D:10)
  4 hogs (D:10)
  Grum (D:8)
  A steam dragon (D:8)
  2 hungry ghosts
  A water moccasin (D:7)
  16 orc warriors
  2 slaves (D:4)
  2 phantoms
  An ice beast (D:5)
  6 sky beasts
  A black bear (D:7)
  2 wolves (D:8)
  10 ogres
  2 centaurs (D:10)
  2 big kobolds
  7 bullfrogs
  A gnoll sergeant (D:9)
  2 wyvern skeletons
  5 scorpions
  2 wights
  2 electric eels (D:8)
  3 howler monkeys
  3 crimson imps
  2 centaur zombies
  6 hounds
  2 jellies
  2 bullfrog skeletons (D:11)
  A bullfrog zombie (D:7)
  A quasit (D:10)
  7 orc priests
  21 orc wizards
  A centaur skeleton (D:11)
  Jessica (D:3)
  2 iguanas
  12 worker ants
  5 big kobold zombies (Ossuary)
  A hound zombie (D:10)
  2 hound skeletons (D:9)
  2 mummies
  A worker ant zombie (D:7)
  Robin (D:3)
  A howler monkey skeleton (D:10)
  5 gnolls (D:9)
  13 adders
  4 shadow imps
  2 oozes
  An adder zombie (D:8)
  2 adder skeletons
  3 worms
  5 dart slugs
  3 leopard geckos
  60 orcs
  5 ball pythons
  6 bats
  6 bat simulacra (Ossuary)
  8 giant cockroaches
  9 goblins
  9 hobgoblins
  11 jackals
  6 quokkas
  3 frilled lizards
  4 gnoll zombies (Ossuary)
  6 goblin simulacra (Ossuary)
  5 goblin zombies
  3 hobgoblin zombies (Ossuary)
  20 kobolds
  A kobold simulacrum (Ossuary)
  4 kobold zombies
  7 orc zombies (Ossuary)
  18 rats
  3 rat simulacra (Ossuary)
  2 spectral goblins (Ossuary)
  4 spectral kobolds (Ossuary)
  A spectral rat (Ossuary)
  A spectral weapon (D:10)
420 creatures vanquished.

Vanquished Creatures (collateral kills)
  Erolcha (Orc:1)
  A gargoyle (D:10)
  Prince Ribbit (D:8)
  A hungry ghost (D:11)
  3 wargs (Orc:1)
  3 orc warriors
  An ice beast (D:10)
  A phantom (D:11)
  2 ogres
  2 wights
  A hound (D:4)
  4 orc priests
  6 orc wizards
  2 big kobold zombies (Ossuary)
  A river rat (D:5)
  3 adders
  A leopard gecko (D:4)
  22 orcs
  A ball python (Sewer)
  2 hobgoblins (D:3)
  A gnoll zombie (Ossuary)
  2 spectral kobolds (Ossuary)
  A spectral rat (Ossuary)
63 creatures vanquished.

Vanquished Creatures (others)
  A goblin zombie (Ossuary)
  A rat simulacrum (Ossuary)
  17 spectral weapons
19 creatures vanquished.

Grand Total: 502 creatures vanquished

Notes
Turn   | Place    | Note
-------+----------+-------------------------------------------
     0 | D:1      | Amnesiac the Spriggan Transmuter began the quest for the Orb.
     0 | D:1      | Reached XP level 1. HP: 9/9 MP: 5/5
   148 | D:1      | Reached skill level 1 in Fighting
   193 | D:1      | Reached XP level 2. HP: 14/14 MP: 7/7
   197 | D:1      | Learned a level 2 spell: Sticks to Snakes
   525 | D:1      | Reached XP level 3. HP: 11/18 MP: 9/9
   937 | D:2      | Found a glowing silver altar of Zin.
  1453 | D:2      | Reached XP level 4. HP: 20/22 MP: 11/11
  1980 | D:3      | Noticed Sigmund
  2014 | D:3      | HP: 1/22 [Sigmund/puff of flame (15)]
  2017 | D:3      | Killed Sigmund
  2017 | D:3      | Reached XP level 5. HP: 1/25 MP: 7/12
  2422 | D:3      | Reached XP level 6. HP: 13/30 MP: 3/13
  2729 | D:3      | Noticed Robin
  2740 | D:3      | Noticed Jessica
  2745 | D:3      | Killed Jessica
  2927 | D:3      | Killed Robin
  3501 | D:4      | Reached skill level 5 in Dodging
  3539 | D:4      | Found Dianisish's Antique Armour Emporium.
  4080 | D:4      | Noticed a slave
  4106 | D:4      | Killed a slave
  4240 | D:4      | Noticed a slave
  4246 | D:4      | Noticed Pikel
  4251 | D:4      | Noticed a slave
  4251 | D:4      | Reached XP level 7. HP: 31/33 MP: 11/14
  4264 | D:4      | Killed Pikel
  4512 | D:4      | Reached XP level 8. HP: 39/39 MP: 15/15
  4622 | D:5      | Entered Level 5 of the Dungeon
  4650 | D:5      | Found Huantup's Distillery.
  5046 | D:5      | Found a glowing drain.
  5055 | Sewer    | Entered a sewer
  5421 | D:5      | Bought a potion of heal wounds for 75 gold pieces
  5583 | D:6      | Found a sand-covered staircase.
  5593 | D:6      | Reached skill level 5 in Fighting
  5599 | Ossuary  | Entered an ossuary
  5806 | Ossuary  | Reached skill level 5 in Spellcasting
  6288 | D:5      | Reached skill level 10 in Dodging
  6592 | D:5      | Learned a level 1 spell: Confusing Touch
  6891 | D:5      | Learned a level 3 spell: Regeneration
  6895 | D:5      | Learned a level 3 spell: Spectral Weapon
  6899 | D:5      | Learned a level 3 spell: Confuse
  7029 | D:6      | Reached XP level 9. HP: 45/47 MP: 17/20
  7138 | D:7      | Reached skill level 1 in Hexes
  8055 | D:6      | Found an opulent altar of Gozag.
  8927 | D:7      | Noticed Joseph
  8935 | D:7      | Learned a level 5 spell: Yara's Violent Unravelling
  8940 | D:7      | Learned a level 4 spell: Petrify
  9042 | D:8      | Noticed Prince Ribbit
  9067 | D:8      | Killed Prince Ribbit
  9067 | D:8      | Reached skill level 5 in Charms
  9653 | D:7      | Noticed a yaktaur
  9663 | D:7      | Noticed a wolf spider
  9664 | D:7      | Killed a yaktaur
  9674 | D:7      | Killed a wolf spider
  9674 | D:7      | Reached XP level 10. HP: 27/53 MP: 12/21
 10161 | D:8      | Noticed Grum
 10175 | D:8      | Killed Grum
 10357 | D:8      | Found a transporter.
 10419 | D:8      | Found a transporter.
 10447 | D:8      | Noticed a two-headed ogre
 10493 | D:8      | Killed a two-headed ogre
 11109 | D:7      | Killed Joseph
 11203 | D:7      | Found a staircase to the Ecumenical Temple.
 11346 | Temple   | Entered the Ecumenical Temple
 11396 | Temple   | Became a worshipper of Warmaster Okawaru
 11626 | D:9      | Reached skill level 1 in Invocations
 11716 | D:9      | Reached * piety under Okawaru
 12107 | D:9      | Noticed a two-headed ogre
 12136 | D:9      | Killed a two-headed ogre
 12180 | D:9      | Reached XP level 11. HP: 58/60 MP: 22/22
 12416 | D:9      | Found an ancient bone altar of Kikubaaqudgha.
 12416 | D:9      | Found a deep blue altar of Sif Muna.
 12486 | D:9      | Reached ** piety under Okawaru
 12565 | D:9      | Noticed a two-headed ogre
 12590 | D:9      | Killed a two-headed ogre
 12782 | D:9      | Reached skill level 5 in Invocations
 13205 | D:10     | Entered Level 10 of the Dungeon
 13205 | D:10     | Noticed an unseen horror
 13218 | D:10     | Killed an unseen horror
 13466 | D:10     | Reached *** piety under Okawaru
 13522 | D:10     | Noticed a two-headed ogre
 13597 | D:9      | Killed a two-headed ogre
 14342 | D:10     | Noticed an unseen horror
 14367 | D:10     | Killed an unseen horror
 14367 | D:10     | Reached **** piety under Okawaru
 14817 | D:10     | Noticed a two-headed ogre
 14852 | D:10     | Killed a two-headed ogre
 15178 | D:11     | Found a staircase to the Orcish Mines.
 15197 | D:10     | HP: 3/62 [poisoned by an orc warrior]
 15200 | D:10     | HP: 1/62 [poisoned by an orc warrior]
 15205 | D:10     | HP: 1/62 [poisoned by an orc warrior]
 15210 | D:10     | HP: 3/62 [poisoned by an orc warrior]
 15357 | D:11     | Learned a level 2 spell: Passwall
 15362 | D:11     | Found a staircase to the Lair.
 15708 | D:11     | Reached ***** piety under Okawaru
 15711 | D:11     | Learned a level 1 spell: Summon Butterflies
 16024 | D:11     | Noticed an unseen horror
 16042 | D:11     | Killed an unseen horror
 16042 | D:11     | Reached XP level 12. HP: 41/66 MP: 22/26
 16049 | D:11     | Learned a level 5 spell: Alistair's Intoxication
 16467 | Orc:1    | Entered Level 1 of the Orcish Mines
 16472 | Orc:1    | Noticed Erolcha
 16497 | Orc:1    | Killed Erolcha
 16497 | Orc:1    | Received a gift from Okawaru
 16987 | Orc:2    | Entered Level 2 of the Orcish Mines
 16990 | Orc:2    | Found an iron altar of Okawaru.
 16990 | Orc:2    | Noticed an orc high priest
 17003 | Orc:2    | Found a labyrinth entrance.
 17010 | Lab      | Entered a labyrinth
 17508 | Lab      | Noticed a minotaur
 17561 | Lab      | Killed a minotaur
 17561 | Lab      | Reached skill level 10 in Spellcasting
 17561 | Lab      | Reached skill level 10 in Transmutations
 17564 | Lab      | Got a scorched lajatang {slice}
 17565 | Lab      | Got a spiked plate armour
 17567 | Lab      | Identified the +7 lajatang of the Onslaught {slice, +Rage rElec Stlth+} (You took it off a minotaur in a labyrinth)
 17671 | Orc:1    | Received a gift from Okawaru
 17956 | Orc:1    | Found Uxter's Food Shop.
 18449 | Orc:1    | Killed an orc high priest
 18694 | Orc:2    | Found Xeomp's Gadget Boutique.
 19923 | Orc:2    | Found a staircase to the Elven Halls.
 20155 | Orc:2    | Noticed an orc high priest
 20230 | Orc:2    | Received a gift from Okawaru
 20444 | Orc:2    | Slain by a sixfirhy

Vault maps used:
D:1:      onia_arrival_larder, minmay_misc_feat_secret_circle
D:2:      overflow_temple_1_default
D:3:      grunt_decor_one_mirror, serial_bayou_pond_c, uniq_robin, uniq_jessica,
          uniq_sigmund
D:4:      serial_shops, shop, uniq_pikel
D:5:      serial_shops, shop, lightli_sewer_entry_pipes, first_ration
D:6:      grunt_gozag_breadcrumbs, nicolae_ossuary_entry_giza
D:7:      minmay_klotski, minmay_temple_entry_enclosed_plants, uniq_joseph
D:8:      gammafunk_steamed_eel, uniq_prince_ribbit1, uniq_grum
D:9:      kennysheep_ambush_hall, amethyst_overflow_temple_binary
D:10:     grunt_livestock, nzn_random_ring
D:11:     lair_entry_dummy, david_orc_2
Temple:   compressed_dpeg_circular_temple
Orc:1:    serial_shops, shop, nicolae_orc_rockfall, nicolae_orc_lava_room,
          uniq_erolcha
Orc:2:    st_orc_elflike, lab_entry_generic, serial_shops,
          nicolae_shop_temple_entry_statues_fountains, okawaru_metal_pillars_3
Lab:      labyrinth_spiral
Sewer:    sewer_co_15_rooms
Ossuary:  ossuary_zaba_two_paths

Skill      XL: |  1  2  3  4  5  6  7  8  9 10 11 12 |
---------------+-------------------------------------+-----
Fighting       | 1 2 5 6 8 9 |  9.0
Transmutations | 3 4 7 8 9 12 | 12.7
Spellcasting   | 3 4 7 9 10 | 10.2
Dodging        | 6 9 10 12 | 12.0
Hexes          | 4 |  4.5
Charms         | 6 |  6.0
Invocations    | 3 8 |  8.0
Bows           | 3 |  3.0
Unarmed Combat | |  2.4

Action                   |  1- 3 |  4- 6 |  7- 9 | 10-12 || total
-------------------------+-------+-------+-------+-------++-------
Melee: Spear             |   126 |   130 |   638 |  1000 ||  1894
       Unarmed           |     9 |       |     1 |       ||    10
       Kick              |     3 |       |       |       ||     3
       Punch             |     1 |     1 |     9 |     7 ||    18
 Cast: Beastly Appendage |     1 |       |       |       ||     1
       Sticks to Snakes  |       |    24 |    45 |    66 ||   135
       Spectral Weapon   |       |       |    10 |    72 ||    82
       Confusing Touch   |       |       |     1 |       ||     1
       Confuse           |       |       |     1 |     8 ||     9
       Regeneration      |       |       |       |    11 ||    11
       Passwall          |       |       |       |     2 ||     2
       Alistair's Intoxi |       |       |       |     2 ||     2
Invok: Heroism           |       |       |       |     5 ||     5
Evoke: Wand              |       |       |       |    13 ||    13
  Use: Scroll            |       |     1 |     7 |    18 ||    26
       Potion            |       |       |       |     4 ||     4
 Stab: Sleeping          |     4 |     9 |     7 |     3 ||    23
       Distracted        |       |       |     5 |    10 ||    15
       Confused          |       |       |       |     7 ||     7
       Invisible         |       |       |       |     1 ||     1
  Eat: Ration            |       |     1 |     4 |     9 ||    14
Armor: Robe              |    13 |     8 |    30 |    23 ||    74
Dodge: Dodged            |    72 |    76 |   451 |   907 ||  1506

Table legend:
 A = Spawn XP
 B = Non-spawn XP
 C = Spawn XP percentage of total XP
 D = Spawn monster count
 E = Non-spawn monster count
 F = Spawn count percentage of total count
 G = Total turns spent on level
                    A         B        C        D         E        F      G
               +---------+---------+-------+---------+---------+-------+---------
         Total |       0 |   30739 |   0.0 |       0 |     477 |   0.0 | 20444
               +---------+---------+-------+---------+---------+-------+---------
           D:1 |       0 |      48 |   0.0 |       0 |      24 |   0.0 |   937
           D:2 |       0 |      76 |   0.0 |       0 |      32 |   0.0 |   904
           D:3 |       0 |     384 |   0.0 |       0 |      25 |   0.0 |  1584
           D:4 |       0 |    1019 |   0.0 |       0 |      21 |   0.0 |  1197
           D:5 |       0 |     748 |   0.0 |       0 |      23 |   0.0 |  1260
           D:6 |       0 |     971 |   0.0 |       0 |      27 |   0.0 |  1261
           D:7 |       0 |    2515 |   0.0 |       0 |      40 |   0.0 |  1845
           D:8 |       0 |    3102 |   0.0 |       0 |      35 |   0.0 |  1654
           D:9 |       0 |    4782 |   0.0 |       0 |      41 |   0.0 |  1804
          D:10 |       0 |    5942 |   0.0 |       0 |      43 |   0.0 |  1819
          D:11 |       0 |    3032 |   0.0 |       0 |      21 |   0.0 |  1201
         Orc:1 |       0 |    4078 |   0.0 |       0 |      40 |   0.0 |  1974
         Orc:2 |       0 |    2609 |   0.0 |       0 |      33 |   0.0 |  1419
           Lab |       0 |    1147 |   0.0 |       0 |       1 |   0.0 |   584
         Sewer |       0 |      70 |   0.0 |       0 |      18 |   0.0 |   288
       Ossuary |       0 |     216 |   0.0 |       0 |      53 |   0.0 |   646
               +---------+---------+-------+---------+---------+-------+---------
